 Dungeon Crawl Stone Soup version 0.27.0-1-g7a089689b8 (webtiles) character file.

Game seed: 13915943541284431975

198 inmateoo the Chopper (level 5, 0/49 HPs)
             Began as a Deep Dwarf Fighter on Aug 13, 2021.
             Slain by an orc (1 damage)
             ... on level 3 of the Dungeon.
             The game lasted 00:01:14 (1417 turns).

inmateoo the Chopper (Deep Dwarf Fighter)           Turns: 1417, Time: 00:01:14

Health: 0/49       AC:  7    Str: 21    XL:     5   Next: 47%
Magic:  5/5        EV:  7    Int:  8    God:
Gold:   135        SH:  9    Dex: 12    Spells: 4/4 levels left

rFire    + . .     SeeInvis .   a - +0 war axe
rCold    . . .     Faith    .   c - +0 kite shield
rNeg     . . .     Spirit   .   b - +0 scale mail
rPois    .         Reflect  .   (no helmet)
rElec    .         Harm     .   (no cloak)
rCorr    .         Rampage  .   (no gloves)
Will     .....                  (no boots)
Stlth    ..........             (no amulet)
HPRegen  0.00/turn              g - ring of protection from fire
MPRegen  0.09/turn              (no ring)

@: no status effects
A: damage resistance, heal wounds, sense surroundings 1, no regeneration
a: Heal Wounds


You were on level 3 of the Dungeon.
You visited 1 branch of the dungeon, and saw 3 of its levels.

You collected 135 gold pieces.

Inventory:

Hand Weapons
 a - a +0 war axe (weapon)
Armour
 b - a +0 scale mail (worn)
 c - a +0 kite shield (worn)
Jewellery
 g - a ring of protection from fire (left hand)
Wands
 p - a wand of iceblast (6)
Scrolls
 e - a scroll of enchant weapon {unknown}
 f - 2 scrolls of magic mapping {unknown}
 j - 3 scrolls of identify {unknown}
 m - a scroll of teleportation {unknown}
Potions
 d - a potion of might
 h - 3 potions of degeneration {unknown}
 i - 3 potions of curing {unknown}
 k - 2 potions of resistance {unknown}
 l - a potion of brilliance {unknown}
 n - a potion of ambrosia {unknown}
 o - 2 potions of heal wounds {unknown}


   Skills:
 + Level 3.4 Fighting
 * Level 4.3 Axes
 + Level 4.2 Armour
 + Level 4.2 Shields


You had 4 spell levels left.
You didn't know any spells.
Your spell library contained the following spells:

 Spells                   Type           Power      Damage    Failure   Level
 Magic Dart               Conj           0%         1d3       99%         1
 Call Imp                 Summ           0%         N/A       100%        2
 Mephitic Cloud           Conj/Pois/Air  0%         N/A       100%        3


Dungeon Overview and Level Annotations

Branches:
Dungeon (3/15)

Altars:
Qazlal


Innate Abilities, Weirdness & Mutations

You are resistant to damage.
You can heal yourself by infusing magical energy.
You passively map a small area around you.
You do not regenerate.


Message History

You kill the orc!
The orc priest mumbles some strange prayers to Beogh against you.
Beogh smites you!
You barely miss the orc priest. You block the orc priest's attack.
You slash the orc priest!
The orc priest is heavily wounded.
You hit the orc.
The orc is moderately wounded.
The orc hits you but does no damage.
You barely miss the orc.
The orc is moderately wounded.
The orc barely misses you.
You hit the orc priest.
The orc priest is almost dead.
You hit the orc.
The orc priest mumbles some strange prayers to Beogh against you.
Beogh smites you! The orc hits you with a +0 dagger.
You block the orc priest's attack.
You hit the orc priest but do no damage.
The orc priest is almost dead.
You hit the orc. The orc hits you but does no damage. x2
The orc priest calls down the wrath of Beogh upon you.
Pain shoots through your body!
* * * LOW HITPOINT WARNING * * *
You are too injured to fight recklessly!
Your shield and scale mail prevent you from hitting the orc priest.
The orc priest is almost dead.
You closely miss the orc. You block the orc's attack.
The orc priest calls down the wrath of Beogh upon you.
Beogh smites you!
* * * LOW HITPOINT WARNING * * *
An orc comes into view. It is wielding a +0 hand axe.
The orc shouts!
You are too injured to fight recklessly!
You hit the orc priest but do no damage.
The orc priest is almost dead.
You closely miss the orc. You block the orc's attack.
The orc priest looks satisfied for a moment.
The orc hits you with a +0 dagger.
You die...

.##.##........o..................
..........................##...†.
.<.##.##.......#o...####.######.#
#..##.#####.####o##.# #..####..#
..#...# #...# ##.##...,##...##.##
..#.### #.#.# #..#####.####.##.#*
.##.#####.#.# #o## #.......#.#
....##....#.###o###########..#.#
#......###..o..o@...# ##..#.##
..###### #..........# #.......
### #..........# #.......
#..........# #.......
#..........# #.......
#..........# #######.
############ #


You could see an orc priest and 3 orcs.

Vanquished Creatures
  An ice beast (D:3)
  An orc wizard (D:3)
  3 adders
  A dart slug (D:1)
  6 orcs (D:3)
  3 ball pythons
  4 endoplasms (D:1)
  3 giant cockroaches
  4 hobgoblins
  6 jackals
  2 bats
  2 frilled lizards
  A goblin (D:2)
  4 kobolds
  A rat (D:1)
42 creatures vanquished.

Vanquished Creatures (others)
  5 toadstools (D:1)
5 creatures vanquished.

Grand Total: 47 creatures vanquished

Notes
Turn   | Place    | Note
-------+----------+-------------------------------------------
     0 | D:1      | inmateoo the Deep Dwarf Fighter began the quest for the
                  | Orb.
     0 | D:1      | Reached XP level 1. HP: 20/20 MP: 1/1
    96 | D:1      | Reached XP level 2. HP: 25/27 MP: 2/2
   110 | D:1      | Found a faded altar of an unknown god.
   223 | D:1      | You fall into a shaft and drop 1 floor!
   224 | D:2      | Found a stormy altar of Qazlal.
   513 | D:2      | Reached XP level 3. HP: 28/33 MP: 3/3
  1248 | D:3      | Reached XP level 4. HP: 25/42 MP: 4/4
  1305 | D:3      | Noticed an ice beast
  1316 | D:3      | Killed an ice beast
  1317 | D:3      | Reached XP level 5. HP: 13/49 MP: 5/5
  1416 | D:3      | HP: 1/49 [orc priest/divine providence (11)]
  1417 | D:3      | Slain by an orc

Illustrated notes

Levels and vault maps discovered:
D:1:      ldierk_walled_garden, layout_rooms,
          hellmonk_ecumenical_altar_lost_god, minmay_misc_feat_alley,
          minmay_misc_feat_doors
D:2:      layout_loops_ring, basic_altar
D:3:      layout_rooms, lemuel_blue_sif_altar

Skill      XL: |  1  2  3  4 |
---------------+-------------+-----
Axes           | 3 4 |  4.3
Fighting       | 3 |  3.4
Armour         | 4 |  4.2
Shields        | 4 |  4.2

Action                   |  1- 3 |  4- 6 || total
-------------------------+-------+-------++-------
Melee: War axe           |    98 |    31 ||   129
 Abil: Heal Wounds       |       |     2 ||     2
Evoke: Wand              |       |     5 ||     5
Armor: Scale mail        |    57 |    27 ||    84
Dodge: Dodged            |    23 |     3 ||    26
Block: Kite shield       |    60 |    16 ||    76
